 Dungeon Crawl Stone Soup version 0.29-a0-824-gd827844252 (webtiles) character file.

Game seed: 5347771500911799500

342 jimonade the Sneak (level 6, -1/33 HPs)
             Began as a Kobold Enchanter on July 11, 2022.
             Succumbed to Duvessa's poison
             ... on level 4 of the Dungeon.
             The game lasted 00:14:44 (5677 turns).

jimonade the Sneak (Kobold Enchanter)               Turns: 5677, Time: 00:14:44

Health: -1/33      AC:  7    Str:  7    XL:     6   Next: 88%
Magic:  11/11      EV: 15    Int: 16    God:
Gold:   237        SH:  0    Dex: 16    Spells: 7/12 levels left

rFire   . . .      SeeInvis .   E - +2 dagger (speed)
rCold   . . .      Faith    .   (no shield)
rNeg    . . .      Spirit   .   b - +0 robe
rPois   .          Reflect  .   F - +0 helmet
rElec   .          Harm     .   v - +0 cloak
rCorr   .          Rampage  .   s - +2 pair of gloves
Will    .....                   (no boots)
Stlth   +++++.....              t - amulet of magic regeneration
HPRegen 0.11/turn               e - ring of flight
MPRegen 0.52/turn               (no ring)

@: lethally poisoned (-1 -> -29), flying
A: small, no large weapons, nightstalker 3
a: no special abilities


You were on level 4 of the Dungeon.
You visited 1 branch of the dungeon, and saw 4 of its levels.

You collected 237 gold pieces.

Inventory:

Hand Weapons
 a - a +1 dagger of flaming
 u - a +4 quarterstaff of chaos
 E - a +2 dagger of speed (weapon)
 H - a +3 vorpal dagger
 J - a +0 rapier
Missiles
 k - 5 javelins
 m - 2 boomerangs
 p - 37 stones
 r - 2 throwing nets
 B - 9 poisoned darts
 D - 6 atropa-tipped darts
Armour
 b - a +0 robe (worn)
 h - a +0 chain mail
 o - a +0 ring mail
 s - a +2 pair of gloves (worn)
 v - a +0 cloak (worn)
 F - a +0 helmet (worn)
Magical Staves
 x - a staff of air
Jewellery
 e - a ring of flight (left hand)
 f - an amulet of the acrobat
 t - an amulet of magic regeneration (around neck)
Wands
 I - a wand of iceblast (8)
Scrolls
 g - a scroll of noise {unknown}
 i - a scroll of magic mapping {unknown}
 n - a scroll of enchant armour {unknown}
 y - a scroll of immolation {unknown}
 A - a scroll of poison {unknown}
 C - 2 scrolls of brand weapon
 K - 3 scrolls of identify {unknown}
Potions
 c - a potion of invisibility
 d - a potion of heal wounds
 j - 3 potions of haste {unknown}
 l - 4 potions of might {unknown}
 q - a potion of degeneration {unknown}
 w - 3 potions of curing {unknown}
 z - a potion of mutation {unknown}
 G - a potion of cancellation {unknown}


   Skills:
 + Level 0.3 Fighting
 + Level 1.7 Short Blades
 + Level 3.2 Dodging
 * Level 7.6 Stealth
 + Level 3.7 Spellcasting
 * Level 3.8 Hexes
 + Level 1.0 Ice Magic


You had 7 spell levels left.
You knew the following spells:

 Your Spells              Type           Power      Damage    Failure   Level
a - Ensorcelled Hibernat  Hex/Ice        20%        N/A       10%         2
b - Confusing Touch       Hex            15%        N/A       11%         3

Your spell library contained the following spells:

 Spells                   Type           Power      Damage    Failure   Level
 Tukima's Dance           Hex            15%        N/A       11%         3
 Dazzling Flash           Conj/Hex       18%        N/A       24%         3
 Passwall                 Tmut/Erth      1%         N/A       26%         2
 Swiftness                Air            2%         N/A       45%         3


Dungeon Overview and Level Annotations

Branches:
Dungeon (4/15)
 Temple: D:4-7

Altars:
Ashenzari

Annotations:
D:4 Dowan


Innate Abilities, Weirdness & Mutations

You are small and have problems with some larger weapons.
You are completely attuned to the shadows.


Message History

The helpless Duvessa fails to defend herself.
You impale Duvessa!!
Duvessa is almost dead.
You feel sick. Duvessa hits you but does no damage.
You are more poisoned.
Casting: Ensorcelled Hibernation (safe; 10% risk of failure)
Confirm with . or Enter, or press ? or * to list all spells.
Aiming: Ensorcelled Hibernation (safe; 10% risk of failure)
Press: ? - help, Shift-Dir - straight line, f/p - Duvessa
Aim: Duvessa, wielding a +1 short sword of venom, wearing a +0 leather armour and quivering stones (almost dead, not susceptible)
Okay, then.
Unknown command.
You closely miss Duvessa.
Duvessa is almost dead.
You feel sick.
You hit Duvessa but do no damage.
Duvessa is almost dead.
You feel sick.
Duvessa hits you with a +1 short sword of venom!
You are lethally poisoned!
You hit Duvessa but do no damage.
Duvessa is almost dead.
You feel very sick. Duvessa hits you but does no damage.
You are more poisoned.
You hit Duvessa but do no damage.
Duvessa is almost dead.
You feel very sick.
You hit Duvessa.
Duvessa is almost dead.
* * * LOW HITPOINT WARNING * * *
You feel very sick.
Duvessa hits you with a +1 short sword of venom.
* * * LOW HITPOINT WARNING * * *
You are more poisoned.
You hit Duvessa.
You kill Duvessa!
Dowan's eyes darken. "You have made a black mistake."
Dowan seems to find hidden reserves of power!
You die...

#.# #.# #.# #.#
#.# #.#########
#.# #...ee.....
#.#
###########.#
#.# #.# ..###
#.# ....#
###########.####
###.#
#......).@).....
# #.#
#.#########e###
###.# #.#
####.### ....#
#.#
##.......##..
#.######.#
##..#####...e.
......##.# #.#.#
#.....
.####.##.# #.#.#
#..... .# #.##.#
#.#.# #.# ... .#
#.##.#
##..#####.# ...


You could see Dowan (fast).

Vanquished Creatures
  Duvessa (D:4)
  2 orc priests (D:4)
  A gnoll bouda (D:2)
  Crazy Yiuf (D:2)
  An orc wizard (D:4)
  Robin (D:4)
  5 gnolls (D:2)
  3 adders (D:4)
  A worm (D:4)
  A dart slug (D:1)
  10 orcs (D:4)
  3 ball pythons
  11 endoplasms
  7 giant cockroaches
  10 goblins
  11 hobgoblins
  4 jackals (D:4)
  5 quokkas
  4 bats
  2 frilled lizards (D:2)
  6 kobolds
  6 rats
96 creatures vanquished.

Notes
Turn   | Place    | Note
-------+----------+-------------------------------------------
     0 | D:1      | jimonade the Kobold Enchanter began the quest for the Orb.
     0 | D:1      | Reached XP level 1. HP: 10/10 MP: 3/3
   151 | D:1      | Reached XP level 2. HP: 11/15 MP: 5/5
  1101 | D:1      | Reached XP level 3. HP: 19/19 MP: 6/6
  1104 | D:1      | Learned a level 2 spell: Ensorcelled Hibernation
  1108 | D:1      | Learned a level 3 spell: Confusing Touch
  1426 | D:1      | Reached skill level 5 in Stealth
  2210 | D:2      | Reached XP level 4. HP: 24/24 MP: 4/7
  2588 | D:2      | Reached skill level 6 in Stealth
  2588 | D:2      | Reached XP level 5. HP: 23/28 MP: 2/9
  3148 | D:2      | Found a runed translucent door.
  3151 | D:2      | Noticed Crazy Yiuf
  3155 | D:2      | Killed Crazy Yiuf
  3838 | D:3      | Found a broken altar of Ashenzari.
  3869 | D:3      | Found a faded altar of an unknown god.
  4359 | D:4      | Noticed Duvessa
  4361 | D:4      | Noticed Dowan
  4370 | D:4      | HP: 1/28 [poisoned by Duvessa]
  4659 | D:4      | Reached skill level 7 in Stealth
  4666 | D:4      | Reached XP level 6. HP: 32/32 MP: 10/10
  4888 | D:4      | Noticed Robin
  4896 | D:4      | Killed Robin
  5361 | D:4      | Reached skill level 1 in Ice Magic
  5677 | D:4      | Killed Duvessa
  5677 | D:4      | Succumbed to Duvessa's poison

Illustrated notes

Levels and vault maps discovered:
D:1:      nicolae_arrival_memento_mori, layout_basic, amethyst_killhole
D:2:      layout_basic, hangedman_decor_riveting, corexii_leaking_fountain,
          amcnicky_mini_rare_corridor_liquid, serial_park_tiny_pond,
          uniq_crazy_yiuf_cottage
D:3:      layout_rooms, lemuel_doored_altar, shapermc_ecumenical_altar_pompeii,
          kennysheep_generic_room_14
D:4:      layout_loops_ring, uniq_robin, uniq_duvessa

Skill      XL: |  1  2  3  4  5  6 |
---------------+-------------------+-----
Dodging        | 3 |  3.2
Stealth        | 5 6 7 |  7.6
Spellcasting   | 3 |  3.7
Ice Magic      | 1 |  1.0
Fighting       | |  0.3
Short Blades   | |  1.7
Hexes          | |  3.8

Action                   |  1- 3 |  4- 6 || total
-------------------------+-------+-------++-------
Melee: Dagger            |    78 |   143 ||   221
 Cast: Ensorcelled Hiber |     1 |    43 ||    44
       Confusing Touch   |       |     1 ||     1
  Use: Scroll            |       |     4 ||     4
       Potion            |       |     2 ||     2
 Stab: Sleeping          |    19 |    42 ||    61
Armor: Robe              |     6 |    24 ||    30
Dodge: Dodged            |    40 |    90 ||   130

Table legend: (Time is in decaauts)
 A = Elapsed time spent in this place.
 B = Non-inter-level travel time spent in this place.
 C = Inter-level travel time spent in this place.
 D = Time resting spent in this place.
 E = Time spent auto-exploring this place.
 F = Levels seen in this place.
 G = Mean time per level.
                   A        B        C        D        E       F      G
               +--------+--------+--------+--------+--------+-----+--------+
         Total |   5643 |   5496 |    147 |   1422 |   2872 |   4 | 1410.8 |
       Dungeon |   5643 |   5496 |    147 |   1422 |   2872 |   4 | 1410.8 |
               +--------+--------+--------+--------+--------+-----+--------+

Top non-repeatable levels by time:
     D:1: 2364 daAuts
     D:2: 1299 daAuts
     D:4: 1105 daAuts
     D:3: 874 daAuts
